 Dungeon Crawl Stone Soup version 0.29.0-5-ge4962eb29e (webtiles) character file.

Game seed: 1514171017321143313

448 Drevant2 the Cutter (level 6, -4/44 HPs)
             Began as a Demonspawn Gladiator on Aug 28, 2022.
             Splashed by a jelly's acid (5 damage)
             ... on level 5 of the Dungeon.
             The game lasted 00:12:27 (3943 turns).

Drevant2 the Cutter (Demonspawn Gladiator)          Turns: 3943, Time: 00:12:27

Health: -4/44      AC:  7    Str: 14    XL:     6   Next: 73%
Magic:  6/6        EV: 12    Int: 10    God:
Gold:   85         SH:  0    Dex: 19    Spells: 5/5 levels left

rFire   . . .      SeeInvis .   h - +2 dagger (venom)
rCold   . . .      Faith    .   (no shield)
rNeg    . . .      Spirit   .   b - +0 leather armour
rPois   .          Reflect  .   c - +0 helmet
rElec   .          Harm     .   (no cloak)
rCorr   .          Rampage  .   x - +0 pair of gloves {Dex+3}
Will    .....                   (no boots)
Stlth   +.........              (no amulet)
HPRegen 0.14/turn               (no ring)
MPRegen 0.10/turn               (no ring)

@: corroded, sanguine armoured
A: sanguine armour 1, demonic touch 1
a: no special abilities


You were on level 5 of the Dungeon.
You visited 1 branch of the dungeon, and saw 5 of its levels.

You collected 244 gold pieces.
You spent 159 gold pieces at shops.

Inventory:

Hand Weapons
 a - a +0 long sword
 h - a +2 dagger of venom (weapon)
Missiles
 d - 2 throwing nets (quivered)
 e - 6 javelins
 o - 3 boomerangs
Armour
 b - a +0 leather armour (worn)
 c - a +0 helmet (worn)
 x - a +0 pair of gloves of dexterity (worn)
Scrolls
 f - 2 scrolls of enchant armour
 m - a scroll of blinking {unknown}
 n - a scroll of silence
 r - a scroll of acquirement
 s - a scroll of magic mapping
 t - a scroll of poison
 v - 5 scrolls of teleportation
 w - 2 scrolls of identify
Potions
 g - 5 potions of curing
 i - 2 potions of brilliance
 j - 3 potions of attraction
 k - a potion of ambrosia {unknown}
 l - a potion of mutation {unknown}
 p - a potion of haste {unknown}
 q - 3 potions of flight
 u - a potion of heal wounds {unknown}


   Skills:
 - Level 2.0 Fighting
 * Level 6.1(6.4) Short Blades
 - Level 2.7(4.8) Long Blades
 - Level 2.2 Throwing
 - Level 2.6 Dodging


You had 5 spell levels left.
You didn't know any spells.
Your spell library contained the following spells:

 Spells                   Type           Power      Damage    Failure   Level
 Slow                     Hex            0%         N/A       43%         1
 Confusing Touch          Hex            0%         N/A       82%         3
 Frozen Ramparts          Ice            0%         1d1       82%         3
 Vampiric Draining        Necr           0%         2d6       82%         3
 Ice Form                 Ice/Tmut       0%         N/A       99%         4
 Summon Ice Beast         Ice/Summ       0%         N/A       99%         4


Dungeon Overview and Level Annotations

Branches:
Dungeon (5/15)             Temple (0/1) D:5

Altars:
Qazlal

Shops:
D:2 [   D:4 *

Annotations:
D:3 Sigmund


Innate Abilities, Weirdness & Mutations

When seriously injured, your blood forms armour. (AC +6)
Your touch may inflict minor irresistible damage on your foes.


Message History

The hound is severely wounded.
The hound bites you.
You hit the hound.
You kill the hound!
Found a robe.
You hit the jelly.
Your hands burn!
You touch the jelly.
The jelly is heavily wounded.
You hit the jelly but do no damage. The acid corrodes you!
Your hands burn!
The jelly is heavily wounded.
The jelly hits you.
You are splashed with acid!
Your blood congeals into armour.
You hit the jelly but do no damage.
Your hands burn!
The jelly is heavily wounded.
The jelly hits you but does no damage.
You barely miss the jelly.
The jelly is heavily wounded.
You hit the jelly but do no damage.
Your hands burn!
The jelly is heavily wounded.
The jelly hits you.
You are splashed with acid!
* * * LOW HITPOINT WARNING * * *
You hit the jelly but do no damage.
The jelly is poisoned.
Your hands burn!
* * * LOW HITPOINT WARNING * * *
You touch the jelly.
The jelly is severely wounded.
The jelly hits you but does no damage.
Okay, then.
Unknown command.
Throw: 3 throwing nets
Press: ? - help, Q - select action, (/) - cycle Shift-Dir - straight line, f - jelly
Aim: a jelly (almost dead, very poisoned, 90% to hit)
You throw a throwing net. The throwing net hits the jelly.
The jelly is caught in the net!
The jelly is almost dead.
The jelly struggles against the net.
You hit the jelly but do no damage.
The jelly looks as sick as possible!
Your hands burn!
* * * LOW HITPOINT WARNING * * *
The jelly is almost dead.
You hit the jelly but do no damage.
Your hands burn!
You die...

#............#..##
##.#..##.....#...##
# #..##...#.#.#..#..
..........###.....
###..#..#...#...#..#
#......#.....#.....
#...#####.>.### #...
#.......#.....# .#.
#...# #.@.#...# #...
#..J.###..?.# ##..#.
#..... .... .# .....
..... .# ....
......# [. ....
..#### #. .. #.


You could see a jelly (caught, extremely poisoned).

Vanquished Creatures
  An ogre (D:4)
  A scorpion (D:4)
  3 hounds
  An iguana (D:5)
  An orc wizard (D:4)
  5 adders
  A shadow imp (D:5)
  5 worms
  2 dart slugs
  5 orcs
  5 ball pythons
  6 endoplasms
  5 giant cockroaches
  8 goblins
  11 hobgoblins
  4 jackals (D:3)
  2 quokkas (D:4)
  7 bats
  5 frilled lizards
  7 kobolds
  7 rats
92 creatures vanquished.

Notes
Turn   | Place    | Note
-------+----------+-------------------------------------------
     0 | D:1      | Drevant2 the Demonspawn Gladiator began the quest for the
                  | Orb.
     0 | D:1      | Reached XP level 1. HP: 16/16 MP: 1/1
    52 | D:1      | Found a faded altar of an unknown god.
   141 | D:1      | Reached skill level 1 in Short Blades
   165 | D:1      | Gained mutation: Your touch may inflict minor irresistible
                  | damage on your foes. [demonic ancestry]
   165 | D:1      | Reached XP level 2. HP: 22/22 MP: 2/2
   536 | D:2      | Found a stormy altar of Qazlal.
   901 | D:2      | Found Xatasih's Antique Armour Boutique.
   933 | D:2      | Reached skill level 2 in Short Blades
   933 | D:2      | Gained mutation: When seriously injured, your blood forms
                  | armour. (AC +6) [demonic ancestry]
   933 | D:2      | Reached XP level 3. HP: 27/27 MP: 3/3
  1633 | D:3      | Noticed Sigmund
  1900 | D:3      | Reached skill level 3 in Short Blades
  1900 | D:3      | Reached XP level 4. HP: 33/33 MP: 4/4
  2297 | D:3      | Identified a scroll of acquirement
  2588 | D:4      | Found Icrep's General Store.
  2601 | D:4      | Bought a scroll of enchant armour for 82 gold pieces
  2601 | D:4      | Bought a potion of degeneration for 11 gold pieces
  2601 | D:4      | Bought a scroll of teleportation for 33 gold pieces
  2601 | D:4      | Bought a potion of curing for 33 gold pieces
  2679 | D:4      | Noticed a scorpion
  2686 | D:4      | Killed a scorpion
  2687 | D:4      | Reached skill level 4 in Short Blades
  2687 | D:4      | Reached XP level 5. HP: 29/38 MP: 5/5
  3408 | D:4      | Reached skill level 5 in Short Blades
  3436 | D:4      | Reached XP level 6. HP: 35/44 MP: 6/6
  3856 | D:5      | Entered Level 5 of the Dungeon
  3909 | D:5      | Reached skill level 6 in Short Blades
  3910 | D:5      | Found a staircase to the Ecumenical Temple.
  3942 | D:5      | HP: 1/44 [acid (5)]
  3943 | D:5      | Splashed by a jelly's acid

Illustrated notes

Levels and vault maps discovered:
D:1:      erik_arrival_triangle_medium, layout_basic,
          hellmonk_ecumenical_altar_run_dry
D:2:      layout_loops_ring, serial_shops, nicolae_shop_overgrown_old_shop,
          basic_altar, chequers_hall_statues_y
D:3:      wad_river_or_something, layout_basic, uniq_sigmund
D:4:      minmay_octagon_keep, layout_loops_ring, serial_shops, shop,
          minmay_misc_feat_columns, minivault_14
D:5:      layout_loops_cross, minitemple, minmay_temple_entry_arrows,
          lightli_sewer_entry_pipes, uniq_edmund

Skill      XL: |  1  2  3  4  5  6 |
---------------+-------------------+-----
Throwing       | 2 |  2.2
Short Blades   | 1 2 3 4 5 6 |  6.1
Fighting       | |  2.0
Long Blades    | |  2.7
Dodging        | |  2.6

Action                   |  1- 3 |  4- 6 || total
-------------------------+-------+-------++-------
Melee: Dagger            |    99 |   119 ||   218
       Long sword        |     1 |       ||     1
       Touch             |    11 |    29 ||    40
       Punch             |       |     1 ||     1
Throw: Throwing net      |     1 |     4 ||     5
  Use: Scroll            |     2 |     9 ||    11
       Potion            |       |     1 ||     1
 Stab: Held in net/web   |     1 |       ||     1
       Sleeping          |     3 |     1 ||     4
Armor: Leather armour    |    30 |    15 ||    45
Dodge: Dodged            |    41 |    43 ||    84
